 Dungeon Sprint DCSS version 0.29-a0-925-g0a7a3d12f8 (webtiles) character file.

Game seed: 12700133400013639637

1771 rocky1 the Nimble (level 9, 0/78 HPs)
             Began as a Gnoll Monk on July 28, 2022.
             Was an Elder of Okawaru.
             Killed from afar by a lindwurm (33 damage)
             ... with a blast of flame
             ... in the Dungeon (Sprint VII: "The Pits").
             The game lasted 00:05:13 (1373 turns).

rocky1 the Nimble (Gnoll Monk)                      Turns: 1373, Time: 00:05:14

Health: 0/78       AC: 17    Str: 15    XL:     9   Next: 7%
Magic:  20/20      EV:  8    Int: 13    God:    Okawaru [****..]
Gold:   0          SH:  0    Dex: 17    Spells: 22/22 levels left

rFire   . . .      SeeInvis .   r - +2 halberd (venom)
rCold   . . .      Faith    .   (shield currently unavailable)
rNeg    . . .      Spirit   .   t - +3 plate armour
rPois   .          Reflect  .   (no helmet)
rElec   .          Harm     .   (no cloak)
rCorr   .          Rampage  .   (no gloves)
Will    .....      NoTele   +   s - +0 pair of boots
Stlth   ..........              (no amulet)
HPRegen 0.23/turn               o - +3 ring of intelligence
MPRegen 0.17/turn               p - +3 ring of dexterity

@: no status effects
A: fangs 1, strong nose, distributed training
a: Renounce Religion, Heroism, Finesse


You were in the Dungeon.
You worshipped Okawaru.
Okawaru was greatly pleased with you.
You visited 1 branch

Inventory:

Hand Weapons
 a - a +2 long sword of flaming
 b - a +2 hand axe of freezing
 r - a +2 halberd of venom (weapon)
 u - a +2 scimitar of holy wrath
Missiles
 j - 4 javelins (quivered)
 n - 8 poisoned darts
Armour
 s - a +0 pair of boots (worn)
 t - a +3 plate armour (worn)
Jewellery
 o - a +3 ring of intelligence (left hand)
 p - a +3 ring of dexterity (right hand)
Scrolls
 i - a scroll of blinking
 l - 5 scrolls of amnesia
Potions
 c - a potion of ambrosia
 d - 8 potions of curing
 e - 11 potions of heal wounds
 f - a potion of haste
 g - 4 potions of magic
 h - 4 potions of berserk rage
 k - 2 potions of invisibility
 q - 2 potions of brilliance


   Skills:
 + Level 10.0 Fighting
 + Level 7.4 Short Blades
 + Level 7.4 Long Blades
 + Level 7.4 Axes
 + Level 7.4 Maces & Flails
 + Level 10.0 Polearms
 + Level 7.4 Staves
 + Level 7.4 Ranged Weapons
 + Level 7.4 Throwing
 + Level 7.4 Armour
 + Level 10.0 Dodging
 + Level 8.6 Stealth
 + Level 7.4 Shields
 + Level 7.4 Unarmed Combat
 + Level 7.4 Spellcasting
 + Level 6.2 Conjurations
 + Level 6.2 Hexes
 + Level 6.2 Summonings
 + Level 6.2 Necromancy
 + Level 6.2 Translocations
 + Level 6.2 Transmutations
 + Level 6.2 Fire Magic
 + Level 6.2 Ice Magic
 + Level 6.2 Air Magic
 + Level 6.2 Earth Magic
 + Level 6.2 Poison Magic
 + Level 8.1 Invocations
 + Level 7.4 Evocations


You had 22 spell levels left.
You didn't know any spells.
Your spell library was empty.

Dungeon Overview and Level Annotations

Branches:
Dungeon (1/1)

Altars:
Ashenzari
Cheibriados
Dithmenos
Elyvilon
Fedhas
Gozag
Hepliaklqana
Kikubaaqudgha
Makhleb
Nemelex Xobeh
Okawaru
Qazlal
Ru
Sif Muna
Trog
Uskayaw
Vehumet
Wu Jian
Xom
Yredelemnul
Zin
The Shining One
Jiyva
Lugonu


Innate Abilities, Weirdness & Mutations

You have very sharp teeth.
Your uncanny sense of smell can sniff out nearby items.
Your experience applies equally to all skills.


Message History

You hit the fire elemental.
The fire elemental is moderately damaged.
The fire elemental hits you. The fire elemental burns you!
The fire elemental hits you. The fire elemental burns you!
The deep elf pyromancer mumbles some strange words.
The deep elf pyromancer blinks!
You puncture the fire elemental!
The fire elemental is severely damaged.
The fire elemental hits you. The fire elemental burns you!
You puncture the fire elemental!
The fire elemental is almost destroyed.
The fire elemental hits you. The fire elemental burns you!
The deep elf pyromancer casts a spell.
You impale the fire elemental!!
You destroy the fire elemental!
The fire elemental disappears in a puff of smoke!
The deep elf pyromancer gestures wildly while chanting.
The deep elf pyromancer blinks!
Unknown command.
You barely miss the warg. Your bite misses the warg.
The warg is heavily wounded.
The warg completely misses you.
You closely miss the warg.
The warg is heavily wounded.
The warg bites you! The warg closely misses you.
You puncture the warg!
The warg is severely wounded.
The warg bites you but does no damage.
You feel much better. The warg bites you.
You slash the warg!
The warg is almost dead.
The warg bites you!
You slash the warg!
You kill the warg!
Okawaru accepts your kill. The fire elemental hits you.
The fire elemental burns you! The lindwurm breathes flames at you.
The blast of flame hits the fire elemental.
The fire elemental completely resists.
The blast of flame hits you!!
You die...

############ #_________.#
#_________.#
#_______...###########++####
##########'##...............
#.?(.')))'.##......#..#.....
##########.##E..............
#..........@Ek°.............
#'#####'#####○..e..#..#.....
#.#..#..#[[##...............
#.#..(..#.)#####'#####○'####
#.#..####))##.......##○'#
#.#..#..#.)##.......##..#
#.#..#..#..##.......##.E#
#.##'#..#'###...<...##..#
#.#........##.......##ey#


You could see a lindwurm (catching breath), a deep elf pyromancer and 2 fire
elementals.

Vanquished Creatures
  A deep elf zephyrmancer (D)
  A cane toad (D)
  A komodo dragon (D)
  Grinder (D)
  A fire bat (D)
  A redback (D)
  A warg (D)
  An ogre (D)
  A kobold brigand (D)
  2 necrophages (D)
  A hound (D)
  2 river rats (D)
  2 ufetubi (D)
  A ball python (D)
  2 hobgoblins (D)
  2 jackals (D)
  3 quokkas (D)
  2 kobolds (D)
26 creatures vanquished.

Vanquished Creatures (others)
  A hornet (D)
  Jessica (D)
2 creatures vanquished.

Grand Total: 28 creatures vanquished

Notes
Turn   | Place    | Note
-------+----------+-------------------------------------------
     0 | D        | rocky1 the Gnoll Monk began the quest for the Orb.
     0 | D        | Reached XP level 1. HP: 23/23 MP: 1/1
    22 | D        | Found a bloodstained altar of Trog.
    22 | D        | Found a shimmering blue altar of Sif Muna.
    22 | D        | Found a viscous altar of Jiyva.
    22 | D        | Found a hazy altar of Hepliaklqana.
    22 | D        | Found an opulent altar of Gozag.
    23 | D        | Found a glowing golden altar of the Shining One.
    23 | D        | Found a glowing silver altar of Zin.
    23 | D        | Found a basalt altar of Yredelemnul.
    23 | D        | Found a shimmering altar of Xom.
    23 | D        | Found an ornate altar of the Wu Jian Council.
    23 | D        | Found a sacrificial altar of Ru.
    23 | D        | Found a stormy altar of Qazlal.
    23 | D        | Found an iron altar of Okawaru.
    23 | D        | Found a sparkling altar of Nemelex Xobeh.
    23 | D        | Found a burning altar of Makhleb.
    23 | D        | Found a blossoming altar of Fedhas.
    23 | D        | Found a white marble altar of Elyvilon.
    23 | D        | Found a shadowy altar of Dithmenos.
    23 | D        | Found a snail-covered altar of Cheibriados.
    26 | D        | Found a corrupted altar of Lugonu.
    26 | D        | Found a radiant altar of Vehumet.
    27 | D        | Found an ancient bone altar of Kikubaaqudgha.
    27 | D        | Found a hide-covered altar of Uskayaw.
    27 | D        | Found a broken altar of Ashenzari.
    31 | D        | Became a worshipper of Warmaster Okawaru
    31 | D        | Reached * piety under Okawaru
    31 | D        | Reached ** piety under Okawaru
    75 | D        | Reached skill level 1 in Short Blades
    75 | D        | Reached skill level 1 in Long Blades
    75 | D        | Reached skill level 1 in Axes
    75 | D        | Reached skill level 1 in Maces & Flails
    75 | D        | Reached skill level 1 in Staves
    75 | D        | Reached skill level 1 in Ranged Weapons
    75 | D        | Reached skill level 1 in Throwing
    75 | D        | Reached skill level 1 in Armour
    75 | D        | Reached skill level 1 in Shields
    75 | D        | Reached skill level 1 in Unarmed Combat
    75 | D        | Reached skill level 1 in Spellcasting
    75 | D        | Reached skill level 1 in Invocations
    75 | D        | Reached skill level 1 in Evocations
    77 | D        | Reached XP level 2. HP: 26/29 MP: 1/3
   208 | D        | Reached skill level 1 in Conjurations
   208 | D        | Reached skill level 1 in Hexes
   208 | D        | Reached skill level 1 in Summonings
   208 | D        | Reached skill level 1 in Necromancy
   208 | D        | Reached skill level 1 in Translocations
   208 | D        | Reached skill level 1 in Transmutations
   208 | D        | Reached skill level 1 in Fire Magic
   208 | D        | Reached skill level 1 in Ice Magic
   208 | D        | Reached skill level 1 in Air Magic
   208 | D        | Reached skill level 1 in Earth Magic
   208 | D        | Reached skill level 1 in Poison Magic
   341 | D        | Reached XP level 3. HP: 28/35 MP: 5/5
   412 | D        | Noticed Grinder
   412 | D        | Paralysed by Grinder for 4 turns
   412 | D        | Noticed a kobold brigand
   412 | D        | Noticed a fire bat
   413 | D        | Noticed an ogre
   423 | D        | Killed an ogre
   424 | D        | Reached skill level 5 in Stealth
   424 | D        | Reached XP level 4. HP: 43/43 MP: 4/8
   424 | D        | Reached XP level 5. HP: 48/48 MP: 4/9
   426 | D        | Killed a fire bat
   427 | D        | Reached XP level 6. HP: 56/56 MP: 4/12
   428 | D        | Reached skill level 5 in Invocations
   432 | D        | Reached *** piety under Okawaru
   439 | D        | Killed Grinder
   440 | D        | Reached skill level 5 in Short Blades
   440 | D        | Reached skill level 5 in Long Blades
   440 | D        | Reached skill level 5 in Axes
   440 | D        | Reached skill level 5 in Maces & Flails
   440 | D        | Reached skill level 5 in Staves
   440 | D        | Reached skill level 5 in Ranged Weapons
   440 | D        | Reached skill level 5 in Throwing
   440 | D        | Reached skill level 5 in Armour
   440 | D        | Reached skill level 5 in Shields
   440 | D        | Reached skill level 5 in Unarmed Combat
   440 | D        | Reached skill level 5 in Spellcasting
   440 | D        | Reached skill level 5 in Evocations
   440 | D        | Reached XP level 7. HP: 63/63 MP: 5/15
   576 | D        | Noticed a komodo dragon
   587 | D        | Killed a komodo dragon
   587 | D        | Reached **** piety under Okawaru
   588 | D        | Reached skill level 5 in Conjurations
   588 | D        | Reached skill level 5 in Hexes
   588 | D        | Reached skill level 5 in Summonings
   588 | D        | Reached skill level 5 in Necromancy
   588 | D        | Reached skill level 5 in Translocations
   588 | D        | Reached skill level 5 in Transmutations
   588 | D        | Reached skill level 5 in Fire Magic
   588 | D        | Reached skill level 5 in Ice Magic
   588 | D        | Reached skill level 5 in Air Magic
   588 | D        | Reached skill level 5 in Earth Magic
   588 | D        | Reached skill level 5 in Poison Magic
   588 | D        | Reached XP level 8. HP: 34/71 MP: 14/17
   765 | D        | Noticed Jessica
   765 | D        | Noticed a deep elf zephyrmancer
   779 | D        | Killed Jessica
   790 | D        | Killed a deep elf zephyrmancer
  1109 | D        | Received a gift from Okawaru
  1119 | D        | Noticed a cane toad
  1119 | D        | Noticed a red devil
  1143 | D        | Killed a cane toad
  1144 | D        | Reached skill level 10 in Fighting
  1144 | D        | Reached skill level 10 in Polearms
  1144 | D        | Reached skill level 10 in Dodging
  1144 | D        | Reached XP level 9. HP: 63/78 MP: 18/20
  1336 | D        | Noticed a hornet
  1339 | D        | Noticed a deep elf pyromancer
  1340 | D        | Noticed a lindwurm
  1355 | D        | Killed a hornet
  1373 | D        | Killed from afar by a lindwurm

Illustrated notes

Levels and vault maps discovered:
D:        pitsprint [storerooms_1, entrance_room_1, metal_vault_3, armoury_1,
          mini_pit_1, grid_room_1, main_hall_1, silver_pit, the_coven_2,
          the_vestibule_1, steel_vault_5, golden_pit, hallway_of_sentries,
          crystal_vault_6, iron_vault_2, final_vault]

Skill      XL: |  1  2  3  4  5  6  7  8 |
---------------+-------------------------+-----
Short Blades   | 1 3 4 5 6 7 |  7.4
Long Blades    | 1 3 4 5 6 7 |  7.4
Axes           | 1 3 4 5 6 7 |  7.4
Maces & Flails | 1 3 4 5 6 7 |  7.4
Staves         | 1 3 4 5 6 7 |  7.4
Ranged Weapons | 1 3 4 5 6 7 |  7.4
Throwing       | 1 3 4 5 6 7 |  7.4
Armour         | 1 3 4 5 6 7 |  7.4
Shields        | 1 3 4 5 6 7 |  7.4
Unarmed Combat | 1 3 4 5 6 7 |  7.4
Spellcasting   | 1 3 4 5 6 7 |  7.4
Invocations    | 1 2 3 4 6 8 |  8.1
Evocations     | 1 3 4 5 6 7 |  7.4
Conjurations   | 1 2 3 4 5 6 |  6.2
Hexes          | 1 2 3 4 5 6 |  6.2
Summonings     | 1 2 3 4 5 6 |  6.2
Necromancy     | 1 2 3 4 5 6 |  6.2
Translocations | 1 2 3 4 5 6 |  6.2
Transmutations | 1 2 3 4 5 6 |  6.2
Fire Magic     | 1 2 3 4 5 6 |  6.2
Ice Magic      | 1 2 3 4 5 6 |  6.2
Air Magic      | 1 2 3 4 5 6 |  6.2
Earth Magic    | 1 2 3 4 5 6 |  6.2
Poison Magic   | 1 2 3 4 5 6 |  6.2
Fighting       | 7 8 9 10 | 10.0
Polearms       | 7 8 9 10 | 10.0
Dodging        | 7 8 9 10 | 10.0
Stealth        | 5 6 7 8 |  8.6

Action                   |  1- 3 |  4- 6 |  7- 9 || total
-------------------------+-------+-------+-------++-------
Melee: Trident           |    30 |    15 |    42 ||    87
       Spear             |     5 |       |       ||     5
       Bite              |     2 |     3 |     5 ||    10
       Punch             |     1 |       |       ||     1
       Halberd           |       |       |    27 ||    27
Invok: Heroism           |     1 |       |     2 ||     3
  Use: Potion            |     2 |       |     2 ||     4
 Stab: Sleeping          |     1 |       |       ||     1
Armor: Robe              |     3 |       |       ||     3
       Chain mail        |       |     5 |     9 ||    14
       Plate armour      |       |       |    14 ||    14
Dodge: Dodged            |    18 |       |    26 ||    44

Table legend: (Time is in decaauts)
 A = Elapsed time spent in this place.
 B = Non-inter-level travel time spent in this place.
 C = Inter-level travel time spent in this place.
 D = Time resting spent in this place.
 E = Time spent auto-exploring this place.
 F = Levels seen in this place.
 G = Mean time per level.
                   A        B        C        D        E       F      G
               +--------+--------+--------+--------+--------+-----+--------+
         Total |   1358 |   1267 |     91 |    816 |      0 |   1 | 1358.0 |
       Dungeon |   1358 |   1267 |     91 |    816 |      0 |   1 | 1358.0 |
               +--------+--------+--------+--------+--------+-----+--------+

Top non-repeatable levels by time:
       D: 1358 daAuts
